 Dungeon Crawl Stone Soup version 0.31-a0-188-g5e087ee2ca (webtiles) character file.

Game seed: 5909089922856790834

86 qw the Shooter (level 4, -3/25 HPs)
             Began as a Deep Elf Hunter on June 23, 2023.
             Slain by a hobgoblin (5 damage)
             ... led by Robin
             ... on level 3 of the Dungeon.
             The game lasted 00:00:29 (1646 turns).

qw the Shooter (Deep Elf Hunter)                    Turns: 1646, Time: 00:00:29

Health: -3/25      AC:  3    Str: 10    XL:     4   Next: 27%
Magic:  6/6        EV: 12    Int: 14    God:
Gold:   130        SH:  0    Dex: 18    Spells: 3/3 levels left

rFire   . . .        Y - +1 shortbow
rCold   . . .        (shield currently unavailable)
rNeg    . . .        c - +0 leather armour
rPois   .            (no helmet)
rElec   .            (no cloak)
rCorr   .            (no gloves)
SInv    .            (no boots)
Will    .....        (no amulet)
Stlth   ++           g - +4 ring of slaying {mikee}
HPRegen 0.24/turn    (no ring)
MPRegen 0.10/turn

%: no passive effects
@: no status effects
A: no striking features
a: no special abilities


You were on level 3 of the Dungeon.
You visited 1 branch of the dungeon, and saw 3 of its levels.

You collected 130 gold pieces.


   Skills:
 - Level 1.5 Fighting
 + Level 7.7 Ranged Weapons
 - Level 2.4 Dodging
 - Level 1.2 Stealth


You had 3 spell levels left.
You didn't know any spells.
Your spell library was empty.

Inventory:

Hand Weapons
 Y - a +1 shortbow (weapon)
Armour
 c - a +0 leather armour (worn)
Jewellery
 g - a +4 ring of slaying (left hand) {mikee}
Scrolls
 f - a scroll of identify
Potions
 d - a potion of invisibility {unknown}
 e - a potion of curing {unknown}

Dungeon Overview and Level Annotations

Branches:
Dungeon (3/15)

Altars:


Message History

The arrow hits the hobgoblin!
You kill the hobgoblin!
A hobgoblin comes into view.
You shoot an arrow. The arrow hits the goblin.
You kill the goblin!
You shoot an arrow. The arrow hits the goblin!
You kill the goblin!
The goblin shoots a sling bullet.
The sling bullet misses you.
You shoot an arrow. The arrow closely misses the goblin.
The arrow barely misses the goblin.
You shoot an arrow. The arrow barely misses the goblin.
Robin throws the goblin at you! The goblin closely misses you.
The goblin unwields a +0 sling.
The goblin wields a +1 dagger of holy wrath.
It softly glows with a divine radiance!
The goblin hits you with a +1 dagger of holy wrath.
You shoot an arrow. The arrow hits the goblin.
You kill the goblin!
The goblin hits you with a +1 dagger of holy wrath.
You shoot an arrow. The arrow closely misses the goblin.
The goblin hits you with a +0 dagger. The hobgoblin barely misses you.
The goblin hits you with a +1 dagger of holy wrath.
You shoot an arrow. The arrow hits the goblin!
You kill the goblin!
The hobgoblin hits you. The goblin hits you with a +0 dagger.
The hobgoblin hits you. Robin throws the goblin at you!
The goblin hits you with a +0 dagger.
You shoot an arrow. The arrow hits Robin!
Robin is almost dead.
Robin barely misses you.
The hobgoblin hits you but does no damage.
The goblin hits you with a +0 dagger.
You shoot an arrow. The arrow hits Robin!
You kill Robin!
The hobgoblin barely misses you. x2; The goblin hits you but does no damage.
You shoot an arrow. The arrow hits the goblin!
You kill the goblin!
The hobgoblin no longer looks unusually strong.
The hobgoblin closely misses you. The hobgoblin hits you.
You die...

...... ... ..
...... .... #.
#...# ....$#.
###...
.....#.####...#
..............#
...%.#.####..<#
......gg).....#
....#)@.###..#
# #...# #..#
.....# ...#
..###..#.##.#
... ...#< #.#
.. ##... ..# .
#### ##


You could see 2 hobgoblins.

Vanquished Creatures
  Robin (D:3)
  3 adders
  2 worms (D:2)
  2 ball pythons (D:1)
  5 endoplasms
  7 goblins
  8 hobgoblins
  2 jackals (D:1)
  A quokka (D:2)
  2 bats
  2 frilled lizards (D:1)
  3 kobolds
  5 rats
43 creatures vanquished.

Notes
Turn   | Place    | Note
-------+----------+-------------------------------------------
     0 | D:1      | qw the Deep Elf Hunter began the quest for the Orb.
     0 | D:1      | Reached XP level 1. HP: 12/12 MP: 3/3
     0 | D:1      | 0 ||| qw: Version: 0.3-a-9-g12657ce
     0 | D:1      | 0 ||| qw: Game counter: 3213
     0 | D:1      | 0 ||| qw: Always use a shield: true
     0 | D:1      | 0 ||| qw: God list: Okawaru
     0 | D:1      | 0 ||| qw: Allow faded altars: false
     0 | D:1      | 0 ||| qw: Do Orc after D:15 true
     0 | D:1      | 0 ||| qw: Do second Lair branch before Depths: true
     0 | D:1      | 0 ||| qw: Lair rune preference: random
     0 | D:1      | 0 ||| qw: Plans: Normal
     0 | D:1      | 0 ||| PLANNING D:1-11
   313 | D:1      | Reached skill level 6 in Ranged Weapons
   313 | D:1      | Reached XP level 2. HP: 16/16 MP: 4/4
   758 | D:1      | 758 ||| UPGRADING to +4 ring of slaying {mikee}.
   759 | D:1      | 759 ||| READING scroll labelled KOIXKOAKKY.
   760 | D:1      | 760 ||| READING scroll labelled WENWAS GYNOINU.
   761 | D:1      | 761 ||| DROPPING scroll of butterflies.
   788 | D:2      | 788 ||| STAIRDANCE
   791 | D:1      | Reached XP level 3. HP: 12/20 MP: 5/5
  1154 | D:2      | Reached skill level 7 in Ranged Weapons
  1584 | D:2      | 1584 ||| READING scroll labelled OFODEL WEUNIN.
  1588 | D:2      | 1588 ||| READING scroll labelled MOIRHA EFIMNEL.
  1633 | D:3      | Reached XP level 4. HP: 25/25 MP: 6/6
  1633 | D:3      | Noticed Robin
  1643 | D:3      | HP: 5/25 [hobgoblin[Robin] (3)]
  1644 | D:3      | HP: 2/25 [goblin/+0 dagger[Robin] (1)]
  1645 | D:3      | Killed Robin
  1646 | D:3      | Slain by a hobgoblin

Levels and vault maps discovered:
D:1:      sevenhm_arrival_forest_fort_small_4, layout_loops_ring
D:2:      layout_basic
D:3:      layout_loops_cross, uniq_robin, uniq_crazy_yiuf_cottage

Skill      XL: |  1  2  3 |
---------------+----------+-----
Ranged Weapons | 6 7 |  7.7
Fighting       | |  1.5
Dodging        | |  2.4
Stealth        | |  1.2

Action                     |  1- 3 |  4- 6 || total
---------------------------+-------+-------++-------
   Fire: Shortbow          |    90 |    14 ||   104
    Use: Scroll            |     4 |       ||     4
 Armour: Leather armour    |    11 |     4 ||    15
  Dodge: Dodged            |    28 |     7 ||    35

Table legend:
 A = Non-vault XP
 B = Vault XP
 C = Vault XP percentage of total XP
 D = Non-vault monster count
 E = Vault monster count
 F = Vault count percentage of total count
                 A         B        C        D         E       F
            +---------+---------+-------+---------+---------+-------
      Total |      97 |      29 |  23.0 |      34 |       9 |  20.9
            +---------+---------+-------+---------+---------+-------
        D:1 |      41 |       0 |   0.0 |      19 |       0 |   0.0
        D:2 |      43 |       0 |   0.0 |      14 |       0 |   0.0
        D:3 |      13 |      29 |  69.0 |       1 |       9 |  90.0
            +---------+---------+-------+---------+---------+-------
